 Dungeon Crawl Stone Soup version 0.28-a0-511-gcc94558de3 (webtiles) character file.

Game seed: 12026975216587473455

1 varam the Charlatan (level 1, 0/12 HPs)
             Began as a Kobold Artificer on Sept 21, 2021.
             Frozen to death by an endoplasm (5 damage)
             ... on level 1 of the Dungeon.
             The game lasted 00:00:52 (77 turns).

varam the Charlatan (Kobold Artificer)                Turns: 77, Time: 00:00:53

Health: 0/12       AC:  5    Str:  9    XL:     1   Next: 22%
Magic:  1/1        EV: 12    Int: 12    God:
Gold:   0          SH:  0    Dex: 15    Spells: 0/0 levels left

rFire   . . .      SeeInvis .   a - +0 club
rCold   . . .      Faith    .   (shield restricted)
rNeg    . . .      Spirit   .   g - +0 ring mail
rPois   .          Reflect  .   (no helmet)
rElec   .          Harm     .   (no cloak)
rCorr   .          Rampage  .   (no gloves)
Will    .....                   (no boots)
Stlth   ++........              (no amulet)
HPRegen 0.04/turn               (no ring)
MPRegen 0.07/turn               (no ring)

@: no status effects
A: small, no large weapons, nightstalker 3
a: no special abilities


You were on level 1 of the Dungeon.
You visited 1 branch of the dungeon, and saw 1 of its levels.

Inventory:

Hand Weapons
 a - a +0 club (weapon)
Armour
 b - a +0 leather armour
 g - a +0 ring mail (worn)
   (You found it on level 1 of the Dungeon)
Wands
 c - a wand of flame (15) (quivered)
 d - a wand of charming (15)
Potions
 f - a potion of brilliance {unknown}
Miscellaneous
 e - a piece from Xom's chessboard (15/15)


   Skills:
 + Level 1.1 Fighting
 + Level 0.7 Armour
 + Level 2.4 Dodging
 + Level 1.4 Stealth
 + Level 3.6 Evocations


You couldn't memorise any spells.
You didn't know any spells.
Your spell library was empty.

Dungeon Overview and Level Annotations

Branches:
Dungeon (1/15)

Altars:


Innate Abilities, Weirdness & Mutations

You are small and have problems with some larger weapons.
You are completely attuned to the shadows.


Message History

f - a murky amethyst potion
Found a ring mail.
You open the huge gate.
There is a huge open gate here.
You see here a +0 ring mail.
g - a +0 ring mail You start removing your armour.
You continue taking off your +0 leather armour. x4
You finish taking off your +0 leather armour.
You start putting on your armour.
You continue putting on your +0 ring mail. x5
You finish putting on your +0 ring mail.
There is a huge open gate here.
A kobold comes into view. It is wielding a +0 club.
Found a spear.
Found 24 gold pieces.
The helpless kobold fails to defend itself.
You hit the kobold but do no damage. The kobold hits you with a +0 club.
You hit the kobold.
The kobold is severely wounded.
The kobold closely misses you.
You hit the kobold.
You kill the kobold!
Things that are here:
a +0 club; a +0 spear; a kobold corpse The rat twitches its whiskers.
An endoplasm comes into view.
Found a stone staircase leading down.
The endoplasm quivers.
The endoplasm freezes you.
You are frozen.
You hit the endoplasm.
The endoplasm is moderately wounded.
The endoplasm hits you but does no damage.
You hit the endoplasm.
The endoplasm is almost dead.
The endoplasm jiggles.
The endoplasm freezes you.
You are frozen.
You die...

.$.#.#......#
........
..#.....#..#..#..#
≈.......
..#...$.#).#.....#
≈≈§.....
..#.gr..#..#.....#
≈§≈≈≈.≈
..#######..#.....#
§≈≈≈<≈
...#.....#.#..#
######
....#.....##..#
......
.....#######..#
.(....
..........@J..#
###...
.##.####..###^# #.
#..# #. #..# ...#
.>#.#


You could see an endoplasm.

Vanquished Creatures
  A kobold (D:1)
1 creature vanquished.

Notes
Turn   | Place    | Note
-------+----------+-------------------------------------------
     0 | D:1      | varam the Kobold Artificer began the quest for the Orb.
     0 | D:1      | Reached XP level 1. HP: 12/12 MP: 1/1
    77 | D:1      | Frozen to death by an endoplasm

Illustrated notes

Levels and vault maps discovered:
D:1:      lordsloth_arrival_two_stooges, layout_loops_ring,
          dreamdust_ecumenical_altar_hidden_monk_grotto, minmay_3d_cube

Action                   || total
-------------------------++-------
Melee: Club              ||     5
 Stab: Sleeping          ||     1
Armor: Ring mail         ||     1
Dodge: Dodged            ||     1

Table legend: (Time is in decaauts)
 A = Elapsed time spent in this place.
 B = Non-inter-level travel time spent in this place.
 C = Inter-level travel time spent in this place.
 D = Time resting spent in this place.
 E = Time spent auto-exploring this place.
 F = Levels seen in this place.
 G = Mean time per level.
                   A        B        C        D        E       F      G
               +--------+--------+--------+--------+--------+-----+--------+
         Total |     78 |     78 |      0 |      0 |     18 |   1 |   78.0 |
       Dungeon |     78 |     78 |      0 |      0 |     18 |   1 |   78.0 |
               +--------+--------+--------+--------+--------+-----+--------+

Top non-repeatable levels by time:
     D:1: 78 daAuts
